 Dungeon Crawl Stone Soup version 0.29-a0-472-ge5599a681e (webtiles) character file.

Game seed: 1758044100038382082

244 spaghetti the Covered (level 6, 0/46 HPs)
             Began as a Djinni Fighter on May 22, 2022.
             Slain by a troll (6 damage)
             ... on level 5 of the Dungeon.
             The game lasted 00:06:59 (4898 turns).

spaghetti the Covered (Djinni Fighter)              Turns: 4898, Time: 00:07:00

Health: 0/46       AC: 15    Str: 17      XL:     6   Next: 32%
Gold:   155        EV:  6    Int:  7 (10) God:
                   SH:  4    Dex: 10 (12)

rFire   + + .      SeeInvis .   q - +2 dagger (elec) {short}
rCold   x . .      Faith    .   b - +0 buckler
rNeg    . . .      Spirit   .   f - +0 chain mail
rPois   ∞          Reflect  .   (no helmet)
rElec   .          Harm     .   j - +0 cloak
rCorr   .          Rampage  .   (no gloves)
Will    +....                   (boots unavailable)
Stlth   ..........              (no amulet)
HPRegen 0.15/turn               k - +4 ring of protection
MPRegen 0.00/turn               (no ring)

@: flying, unable to read
A: sickness immunity, fire resistance 2, cold vulnerability 1, float, innate
caster, HP casting, extra vitality 1, strong-willed 1, inability to read while
threatened
a: no special abilities


You were on level 5 of the Dungeon.
You visited 1 branch of the dungeon, and saw 6 of its levels.

You collected 155 gold pieces.


Innate Abilities, Weirdness & Mutations

You are immune to sickness and miasma.
You are immune to poison.
Your flesh is very heat resistant. (rF++)
You are vulnerable to cold. (rC-)
You float through the air rather than walking.
You learn spells naturally, not from books.
Your magical power is your life essence.
You have superior vitality. (+4 MHP)
You are strong-willed. (Will+)
You sometimes lose the ability to read scrolls when taking damage.


   Skills:
 - Level 3.0 Fighting
 + Level 6.1 Armour
 - Level 3.0 Shields
 - Level 3.2 Unarmed Combat


You had 2 spell levels left.
You knew the following spells:

 Your Spells              Type           Power      Damage    Failure   Level
a - Freeze                Ice            0%         1d3       100%        1
b - Scorch                Fire           0%         2d5       100%        2
Your spell library was empty.

Inventory:

Hand Weapons
 c - a +2 vampiric short sword {short}
   (You took it off a kobold on level 1 of the Dungeon)
 q - a +2 dagger of electrocution (weapon) {short}
   (You took it off a goblin on level 3 of the Dungeon)
Missiles
 d - 146 stones (quivered) {throwing}
 g - 2 boomerangs {throwing}
 r - 2 javelins {throwing}
Armour
 a - a +0 scale mail
 b - a +0 buckler (worn)
 f - a +0 chain mail (worn)
   (You found it on level 1 of the Dungeon)
 j - a +0 cloak (worn)
   (You found it on level 4 of the Dungeon)
Jewellery
 k - a +4 ring of protection (left hand)
   (You found it on level 2 of the Dungeon)
 t - an amulet of guardian spirit
   (You found it on level 3 of the Dungeon)
Scrolls
 e - a scroll of magic mapping {!r}
 h - a scroll of enchant weapon
 i - a scroll of poison {unknown}
 l - 2 scrolls of immolation {unknown}
 m - a scroll of teleportation {@r4}
 s - a scroll of acquirement {unknown}
Potions
 o - a potion of flight
 p - a potion of attraction {!q}

Dungeon Overview and Level Annotations

Branches:
Dungeon (6/15)
 Temple: D:4-7

Altars:
Cheibriados

##.## #..# ......
#..### .?....##....#
g...g....##
......#...### .....
##....# g... #.####
### #o# ### ###@###
..
#.TSz)#############.
#..og.............g.
#.....#############.
#.....# #g #######
#. #. ## #


You could see a skeletal warrior, a troll, a gnoll, an adder and 2 orcs.


Message History

Your hp is fully restored (46).
A gnoll comes into view. It is wielding a +0 halberd.
There are monsters nearby!
There is a stone staircase leading down here.
The gnoll barely misses you.
You see here a +0 trident {polearm}.
The gnoll barely misses you. The gnoll hits you but does no damage.
The gnoll hits you but does no damage.
The gnoll hits you from afar with a +0 halberd! 😕 HP[-7]
You take 7 damage, and now have 39/46 hp.
You block the gnoll's attack.
The gnoll hits you from afar with a +0 halberd.
You feel threatened and lose the ability to read scrolls! 😮 HP[-5]
You take 5 damage, and now have 34/46 hp.
An ogre comes into view. It is wielding a +0 giant club.
The gnoll hits you but does no damage. 😕 HP[+1]
Okay, then.
You cannot read scrolls in your current state!
You aren't carrying any items that you can evoke.
Okay, then.
You can read scrolls again.
The gnoll hits you from afar with a +0 halberd!
You feel threatened and lose the ability to read scrolls! 😮 HP[-9]
You take 9 damage, and now have 26/46 hp.
You can read scrolls again.
The gnoll closely misses you. The ogre attacks as you move away!
The ogre hits you with a +0 giant club.
The gnoll throws a throwing net.
The throwing net hits you.
You become entangled in the net!
You see here a throwing net {=f!fthrowing}. 😮 HP[-1]
You take 1 damage, and now have 25/46 hp.
Unknown command.
Unknown command.
As you read the scroll of teleportation {@r4}, it crumbles to dust.
You feel strangely unstable.
The gnoll hits you but does no damage. x2 😮 HP[+1] Unknown command.
You struggle against the net.
The ogre barely misses you.
The gnoll hits you from afar with a +0 halberd.
You feel threatened and lose the ability to read scrolls!
* * * LOW HITPOINT WARNING * * *
😨 HP[-3]
You take 3 damage, and now have 23/46 hp.
Unknown command.
Unknown command.
You struggle against the net.
Your surroundings suddenly seem different.
The gnoll shouts!
Unknown command.
Unknown command.
Unknown command.
You can read scrolls again.
You see here a +0 trident {polearm}. 😮 HP[+1]
There is a stone staircase leading down here.
You fly downwards.
The bullfrog gives a loud, deep croak!
The adder bites you but does no damage. The troll bites you.
* * * LOW HITPOINT WARNING * * *
The troll claws you.
You feel threatened and lose the ability to read scrolls!
* * * LOW HITPOINT WARNING * * *
The troll barely misses you. The orc hits you but does no damage. x2
The adder bites you but does no damage.
There is a stone staircase leading up here. 😨 HP[-6]
You take 6 damage, and now have 18/46 hp.
Unknown command.
Unknown command.
Unknown command.
You cannot read scrolls in your current state!
Unknown command.
Okay, then.
The skeletal warrior hits you with a +0 hand axe.
* * * LOW HITPOINT WARNING * * *
The orc hits you but does no damage. x2; The troll bites you.
* * * LOW HITPOINT WARNING * * *
The troll claws you.
* * * LOW HITPOINT WARNING * * *
The troll claws you but does no damage. The adder bites you but does no damage.
You fly upwards.
There is a stone staircase leading down here. 😨 HP[-5]
You take 5 damage, and now have 13/46 hp.
Unknown command.
Unknown command.
Unknown command.
Unknown command.
You hit the orc but do no damage. The orc barely misses you.
The skeletal warrior barely misses you. The troll bites you!
* * * LOW HITPOINT WARNING * * *
The troll claws you.
You die...

Skill      XL: |  1  2  3  4  5  6 |
---------------+-------------------+-----
Unarmed Combat | 3 |  3.2
Armour         | 4 5 6 |  6.1
Fighting       | |  3.0
Shields        | |  3.0

Action                   |  1- 3 |  4- 6 || total
-------------------------+-------+-------++-------
Melee: Unarmed           |    50 |       ||    50
       Short sword       |    72 |    65 ||   137
       Dagger            |       |   105 ||   105
Throw: Stone             |    42 |    92 ||   134
Evoke: Wand              |       |     5 ||     5
  Use: Potion            |     1 |     9 ||    10
       Scroll            |     2 |     2 ||     4
Armor: Chain mail        |    75 |   147 ||   222
       Scale mail        |     1 |       ||     1
Dodge: Dodged            |    38 |    64 ||   102
Block: Buckler           |    26 |    44 ||    70

Levels and vault maps discovered:
D:1:      dpeg_arrival_rooms_with_view, layout_loops_ring, minmay_surrounded
D:2:      minmay_chambers_of_ones, layout_loops_cross,
          hellmonk_ecumenical_altar_prayer_group, kennysheep_minor_cross
D:3:      layout_basic
D:4:      layout_basic, lemuel_round_altar, lemuel_temple_firewalk_b,
          hangedman_decor_riveting
D:5:      minmay_opposing_rooms, layout_rooms, serial_shops, shop,
          nicolae_shop_gadgets
D:6:      hangedman_cross_stitches, layout_loops_ring,
          mainiacjoe_overflow_catch_the_wave, nemelex_diamond_rough_becter,
          minmay_misc_feat_encased, ebering_dispersal_statue_hall

Notes
Turn   | Place    | Note
-------+----------+-------------------------------------------
     0 | D:1      | spaghetti the Djinni Fighter began the quest for the Orb.
     0 | D:1      | Reached XP level 1. HP: 20/20 MP: 0/0
     0 | D:1      | magus.rc [v1.9.6]
   156 | D:1      | Reached XP level 2. HP: 25/25 MP: 0/0
   237 | D:1      | Reached skill level 3 in Unarmed Combat
   246 | D:1      | HP: 5/25 [kobold/+1 vampiric short sword (4)]
   588 | D:1      | Reached XP level 3. HP: 30/30 MP: 0/0
   588 | D:1      | Learned a level 1 spell: Freeze
  1369 | D:2      | Reached XP level 4. HP: 26/35 MP: 0/0
  1534 | D:2      | Reached skill level 4 in Armour
  1758 | D:2      | Found a faded altar of an unknown god.
  2684 | D:3      | Reached XP level 5. HP: 40/40 MP: 0/0
  2684 | D:3      | Learned a level 2 spell: Scorch
  2862 | D:3      | Reached skill level 5 in Armour
  3698 | D:4      | Gained mutation: You sometimes lose the ability to read
                  | scrolls when taking damage. [potion of mutation]
  3698 | D:4      | Gained mutation: You are strong-willed. (Will+) [potion of
                  | mutation]
  3709 | D:4      | Reached XP level 6. HP: 24/46 MP: 0/0
  3712 | D:4      | Found a snail-covered altar of Cheibriados.
  3714 | D:4      | HP: 8/46 [gnoll/+0 flail (5)]
  3724 | D:4      | HP: 6/46 [gnoll/+0 spear (2)]
  3729 | D:4      | HP: 7/46 [gnoll/+0 spear of pain (1)]
  4261 | D:3      | HP: 7/46 [worm (6)]
  4656 | D:4      | Reached skill level 6 in Armour
  4786 | D:4      | You are sucked into a shaft and drop 2 floors!
  4815 | D:6      | Noticed a skeletal warrior
  4815 | D:6      | Noticed a troll
  4829 | D:5      | Entered Level 5 of the Dungeon
  4878 | D:5      | Noticed an ogre
  4898 | D:5      | HP: 6/46 [troll (8)]
  4898 | D:5      | Slain by a troll

Vanquished Creatures
  A jelly (D:3)
  An orc priest (D:4)
  An iguana (D:2)
  An adder (D:3)
  4 gnolls
  2 dart slugs
  4 worms
  7 orcs (D:3)
  11 endoplasms
  4 giant cockroaches
  9 goblins
  9 hobgoblins
  2 jackals (D:1)
  8 kobolds
  2 quokkas
  4 ball pythons
  2 bats
  5 frilled lizards
  4 rats
81 creatures vanquished.

Table legend:
 A = Non-vault XP
 B = Vault XP
 C = Vault XP percentage of total XP
 D = Non-vault monster count
 E = Vault monster count
 F = Vault count percentage of total count
                 A         B        C        D         E       F
            +---------+---------+-------+---------+---------+-------
      Total |     326 |      23 |   6.6 |      68 |      13 |  16.0
            +---------+---------+-------+---------+---------+-------
        D:1 |      35 |      12 |  25.5 |      20 |       6 |  23.1
        D:2 |      74 |      11 |  12.9 |      18 |       7 |  28.0
        D:3 |     144 |       0 |   0.0 |      26 |       0 |   0.0
        D:4 |      73 |       0 |   0.0 |       4 |       0 |   0.0
            +---------+---------+-------+---------+---------+-------

Illustrated notes

Table legend:
 A = Kills in this place as a percentage of kills in entire the game.
 B = Kills by you in this place as a percentage of kills by you in the entire game.
 C = Kills by friends in this place as a percentage of kills by friends in the entire game.
 D = Other kills in this place as a percentage of other kills in the entire game.
 E = Experience gained in this place as a percentage of experience gained in the entire game.
 F = Experience gained in this place divided by the number of levels of this place that you have seen.
                   A       B       C       D       E      F
               +-------+-------+-------+-------+-------+----------------------
         Total | 100.0 | 100.0 |   N/A |   N/A | 100.0 |  58.2
       Dungeon | 100.0 | 100.0 |   N/A |   N/A | 100.0 |  58.2
               +-------+-------+-------+-------+-------+----------------------

Table legend: (Time is in decaauts)
 A = Elapsed time spent in this place.
 B = Non-inter-level travel time spent in this place.
 C = Inter-level travel time spent in this place.
 D = Time resting spent in this place.
 E = Time spent auto-exploring this place.
 F = Levels seen in this place.
 G = Mean time per level.
                   A        B        C        D        E       F      G
               +--------+--------+--------+--------+--------+-----+--------+
         Total |   4945 |   4800 |    145 |   1054 |   2885 |   6 |  824.2 |
       Dungeon |   4945 |   4800 |    145 |   1054 |   2885 |   6 |  824.2 |
               +--------+--------+--------+--------+--------+-----+--------+

Top non-repeatable levels by time:
     D:2: 1630 daAuts
     D:3: 1603 daAuts
     D:1: 1141 daAuts
     D:4: 457 daAuts
     D:5: 67 daAuts
     D:6: 45 daAuts
